 Dungeon Crawl Stone Soup version 0.26.1-11-gd32895ea62 (webtiles) character file.

Game seed: 2535491902352336926

130 Diggabert the Skirmisher (level 5, -5/43 HPs)
             Began as a Formicid Abyssal Knight on May 3, 2021.
             Was a Follower of Lugonu.
             Killed by divine providence
             ... invoked by an orc priest
              (10 damage)
             ... on level 4 of the Dungeon.
             The game lasted 00:04:46 (3098 turns).

Diggabert the Skirmisher (Formicid Abyssal Knight)  Turns: 3098, Time: 00:04:46

Health: -5/43      AC:  9    Str: 18    XL:     5   Next: 36%
Magic:  7/7        EV:  7    Int: 11    God:    Lugonu [*.....]
Gold:   178        SH:  0    Dex: 10    Spells: 4/4 levels left

rFire    . . .     SeeInvis +   o - +0 morningstar
rCold    . . .     Faith    .   (no shield)
rNeg     . . .     Spirit   .   n - +0 chain mail
rPois    .         Reflect  .   (helmet unavailable)
rElec    .         Harm     .   (no cloak)
rCorr    .         Rampage  .   (no gloves)
Will     .....                  (no boots)
Stlth    ..........             (no amulet)
HPRegen  0.14/turn              (no ring)
MPRegen  0.10/turn              (no ring)

@: lethally poisoned (-5 -> -6)
A: permanent stasis, dig shafts and tunnels, four strong arms, antennae 3
a: Dig, Shaft Self, Renounce Religion, Depart the Abyss


You were on level 4 of the Dungeon.
You worshipped Lugonu.
Lugonu was aware of your devotion.
You visited 1 branch of the dungeon, and saw 4 of its levels.
You visited the Abyss 1 time.

You collected 178 gold pieces.

Inventory:

Hand Weapons
 o - a +0 morningstar (weapon)
Armour
 n - a +0 chain mail (worn)
Wands
 k - a wand of random effects (15)
Scrolls
 a - a scroll of blinking {unknown}
 d - a scroll of teleportation {unknown}
 e - a scroll of amnesia {unknown}
 h - 3 scrolls of identify {unknown}
 i - 2 scrolls of magic mapping {unknown}
 l - a scroll of remove curse
 m - a scroll of fog {unknown}
Potions
 c - 2 potions of flight {unknown}
 f - a potion of heal wounds {unknown}
 g - a potion of lignification {unknown}
 j - a potion of degeneration {unknown}


   Skills:
 * Level 4.3 Fighting
 * Level 2.9 Maces & Flails
 * Level 3.2 Armour
 * Level 1.9 Dodging
 * Level 2.8 Invocations


You had 4 spell levels left.
You didn't know any spells.
Your spell library was empty.

Dungeon Overview and Level Annotations

Branches:
Dungeon (3/15)

Altars:
Nemelex Xobeh
Wu Jian


Innate Abilities, Weirdness & Mutations

You cannot be hasted, slowed, berserked, paralysed or teleported.
You can dig through walls and to a lower floor.
Your four strong arms can wield two-handed weapons with a shield.
You have a pair of large antennae on your head. (SInv)


Message History

The shaft crumbles and collapses.
An orc and a skeleton come into view.
The orc shouts!
You hear a shout!
You hear a bark!
Found a helmet.
You feel sick.
You open the door.
An adder skeleton comes into view.
You feel sick.
The adder skeleton moves out of view.
There is an open door here.
An orc and an orc priest come into view.
The orc shouts!
The orc priest shouts!
You hear a shout! x2
The adder skeleton bites you but does no damage.
The orc moves out of view.
You feel sick.
The centaur skeleton closely misses you.
An orc priest comes into view. It is wielding a +0 flail.
The orc priest shouts!
You hear a shout!
The orc priest mumbles some strange prayers to Beogh against you.
Beogh smites you!
You die...

#. #.#..+.......... #.
#o#.##........#.
####.##....'........#
..........o#........#
#####...o....#........#
......................#
......................#
........Z......##+##+##
.......@Z......#
...............#
..........##....#
..o.......# ....#
..........# .....
+###....... ..#.
#......## #.......


You could see 2 orc priests, 2 orcs, an adder skeleton and a centaur skeleton.

Vanquished Creatures
  Jessica (D:2)
  6 adders
  A worm (D:2)
  A dart slug (D:1)
  2 leopard geckos
  3 orcs (D:2)
  A giant cockroach (D:2)
  5 goblins
  6 hobgoblins
  4 kobolds
  A quokka (D:2)
  A ball python (D:1)
  6 bats
  5 frilled lizards
  3 rats
46 creatures vanquished.

Notes
Turn   | Place    | Note
-------+----------+-------------------------------------------
     0 | Abyss:1  | Diggabert the Formicid Abyssal Knight began the quest for
                  | the Orb.
     0 | Abyss:1  | Reached XP level 1. HP: 18/18 MP: 2/2
    33 | Abyss:1  | Found a corrupted altar of Lugonu.
    40 | D:1      | Escaped the Abyss
   419 | D:1      | Reached skill level 1 in Dodging
   419 | D:1      | Reached XP level 2. HP: 19/24 MP: 3/3
   994 | D:1      | Reached XP level 3. HP: 30/30 MP: 4/4
  1520 | D:2      | Reached skill level 4 in Fighting
  1684 | D:2      | Found an ornate altar of the Wu Jian Council.
  1943 | D:2      | Reached XP level 4. HP: 35/37 MP: 5/5
  2043 | D:2      | Found a sparkling altar of Nemelex Xobeh.
  2043 | D:2      | Noticed Jessica
  2048 | D:2      | Killed Jessica
  2279 | D:2      | Reached XP level 5. HP: 42/42 MP: 6/6
  3085 | D:3      | You fall into a shaft and drop 1 floor!
  3098 | D:4      | Killed from afar by an orc priest

Illustrated notes

Levels and vault maps discovered:
D:1:      psy_arrival_terrarium, layout_basic, hangedman_decor_growths,
          st_stairs_6
D:2:      layout_loops_corners, lemuel_crystal_altar,
          nemelex_lonely_heart_becter
D:3:      layout_basic, marbit_many_paths, okawaru_trees_2
D:4:      layout_basic, uniq_menkaure

Skill      XL: |  1  2  3  4 |
---------------+-------------+-----
Dodging        | 1 |  1.9
Fighting       | 4 |  4.3
Armour         | 3 |  3.2
Maces & Flails | |  2.9
Invocations    | |  2.8

Action                   |  1- 3 |  4- 6 || total
-------------------------+-------+-------++-------
Melee: Mace              |    98 |    50 ||   148
       Morningstar       |       |    50 ||    50
 Abil: Shaft Self        |       |     1 ||     1
  Use: Scroll            |     2 |       ||     2
       Potion            |       |     3 ||     3
Armor: Leather armour    |    16 |       ||    16
       Ring mail         |    36 |     8 ||    44
       Chain mail        |       |    71 ||    71
Dodge: Dodged            |    90 |    69 ||   159
